[Event "Late-Titled-Tuesday-Blitz-May-07-2024"]
[Site "Chess.com"]
[Date "2024.05.07"]
[Round "1"]
[White "Kirill_Klukin"]
[Black "MFatigue"]
[Result "0-1"]
[WhiteElo "2833"]
[BlackElo "2514"]
[TimeControl "180+1"]
[EndTime "14:09:47 PDT"]
[Termination "MFatigue won by checkmate"]

1. d4 d5 2. c4 c6 3. Nf3 Nf6 4. Nc3 dxc4 5. e3 b5 6. a4 b4 7.
Na2 e6 8. Bxc4 Be7 9. O-O O-O 10.
Qe2 Bb7 11. Rd1 Nbd7 12. Bd2 a5 13.
Nc1 c5 14. Be1 Qb6 15. Bb5 Rfd8 16. Nb3 cxd4 17. Nfxd4 Bf8 18. Nd2 e5 19. Nc4 Qa7 20. Nc6 Bxc6 21. Bxc6 Rac8 22. Bb5 e4 23. Nd6 Bxd6 24.
Rxd6 Nc5 25. Rad1 Qc7 26. R6d4 Ne6 27. Rc4 Qe5 28. Rxc8 Rxc8 29. f4 Qc5 30. h3 Nxf4 31.
Qd2 N4d5 32. Bf2 Qc2 33. Qd4 h6 34. Ba6 Rc6 35. Bb5 Rc5 36. Rd2 Qb1+ 37. Rd1 Rc1 38.
Rxc1 Qxc1+ 39. Kh2 Qc7+ 40. Bg3 Qb6 41. Qxb6 Nxb6 42. Bc7 Nfd5 43. Bd6 Nxe3 44. Bc6 Nec4 45. Bc7 Nc8 46. Bxe4 Nxb2 47. Bxa5 Nxa4 48. Bxb4 Nab6 49. Bc6 Nc4 50. Kg3 Ne5 51. Be4 Nb6 52. Bc3 Ned7 53. Bc6 Nf8 54. Bb4 Nbd7 55. Bf3 Nf6 56. Bc3 N8d7 57.
Bc6 g6 58. Kf3 Kf8 59. Bb4+ Kg7 60. Bc3 Nf8 61. g4 Ne6 62. h4 g5 63. hxg5 Nxg5+ 64. Kf4 Kg6 65. Ba4 Ne6+ 66. Kg3 Ne4+ 67. Kf3 Nxc3 68. Bc2+ Kg7 69. Kg3 Nd5 70. Bf5 Ne7 71.
Be4 Ng5 72. Bg2 Kg6 73. Bf1 Nd5 74. Bd3+ Kg7 75. Bc4 Nf6 76. Bd3 Ne6 77. Bc4 Nc5 78. Be2 Ncd7 79. Kf4 Nd5+ 80. Kg3 Ne7 81. Bb5 Nf8 82.
Kf4 Ne6+ 83. Kg3 f5 84. gxf5 Nxf5+ 85. Kh3 Ng5+ 86. Kg4 Kg6 87. Bd3 h5+ 88. Kf4 Nh3+ 89. Kf3 Kg5 90. Bb1 Nf4 91. Kf2 h4 92. Be4 Ng3 93. Bf3 Nf5 94. Ba8 Nd4 95. Kg1 Kg4 96.
Kh2 Nf3+ 97. Kh1 Kg3 98. Bc6 h3 99. Bd7 h2 100. Bc6 Nh3 101. Bxf3 Nf2# 0-1

[Event "Late-Titled-Tuesday-Blitz-May-07-2024"]
[Site "Chess.com"]
[Date "2024.05.07"]
[Round "1"]
[White "el_sporco"]
[Black "Vazabanga"]
[Result "1-0"]
[WhiteElo "2416"]
[BlackElo "2694"]
[TimeControl "180+1"]
[EndTime "14:09:49 PDT"]
[Termination "el_sporco won by checkmate"]

1. e4 c5 2. Nf3 d6 3. d4 cxd4 4. Nxd4 Nf6 5. Nc3 Nc6 6. Bg5 e6 7. f4 Be7 8. Qd2 Qb6 9. O-O-O Nxd4 10. Qxd4 Qxd4 11. Rxd4 a6 12. Kb1 Bd7 13. g3 Bc6 14. Bg2 h6 15. Bxf6 gxf6 16. Rd2 O-O-O 17. Rhd1 h5 18. f5 h4 19. fxe6 fxe6 20. Ne2 f5 21.
Nd4 fxe4 22. Nxc6 bxc6 23. Bxe4 d5 24. Bd3 a5 25. Re2 Kd7 26. Rde1 Rh6 27. Rxe6 Rxe6 28. Bf5 Rf8 29. Bxe6+ Kd6 30. a3 Bg5 31. Bg4 Rf2 32. Re6+ Kc5 33. c3 Rxh2 34. gxh4 Rxh4 35. Bf5 Rh1+ 36.
Ka2 Rh2 37. Ka1 Bc1 38. b4+ axb4 39. cxb4+ Kb6 40. a4 Bd2 41. b5 Bc3+ 42. Kb1 Ka5 43. Rxc6 d4 44. Bc2 Kb4 45. Bd1 Rh1 46. Kc2 Rh2+ 47.
Kc1 Ra2 48. Bc2 Ra1+ 49. Bb1 Rxa4 50. b6 Ka5 51. b7 Rb4 52. Rc7 Bb2+ 53. Kc2 Bc3 54.
Ba2 Rb2+ 55. Kd3 Ka6 56. Bd5 Rd2+ 57. Kc4 Rb2 58. Rd7 Rb4+ 59. Kd3 Rb6 60. Rd8 Kb5 61.
b8=Q Rxb8 62. Rxb8+ Kc5 63. Be4 Kd6 64. Rb1 Ke5 65. Rf1 Ke6 66. Rf5 Kd6 67. Rd5+ Ke6 68.
Kc4 Kf6 69. Bd3 Ke6 70. Kc5 Kf6 71. Kd6 Bb4+ 72. Kd7 Bc3 73. Kc6 Ke6 74. Bc4 Kf6 75.
Kd6 Bb4+ 76. Kd7 Bc3 77. Rd6+ Ke5 78. Re6+ Kf4 79. Kc6 Kf5 80. Kd5 Kf4 81. Bd3 Kf3 82.
Rf6+ Ke3 83. Kc4 Kd2 84. Rf3 Ke1 85. Rh3 Kd2 86. Rh2+ Ke3 87. Rh3+ Kd2 88. Be4 Ke2 89. Rd3 Kf2 90. Kb3 Ke2 91. Kc2 Kf2 92. Kd1 Kf1 93.
Bf5 Kf2 94. Bg4 Kf1 95. Rf3+ Kg2 96. Ke2 Kh2 97. Kf2 d3 98. Rh3# 1-0

[Event "Late-Titled-Tuesday-Blitz-May-07-2024"]
[Site "Chess.com"]
[Date "2024.05.07"]
[Round "1"]
[White "aa175"]
[Black "picturesquecheck"]
[Result "1/2-1/2"]
[WhiteElo "2725"]
[BlackElo "2433"]
[TimeControl "180+1"]
[EndTime "14:10:01 PDT"]
[Termination "Game drawn - insufficient material"]

1. d4 d6 2. Bf4 g6 3. e3 Bg7 4. Nf3 Nf6 5. Bd3 O-O 6. h4 h5 7. Ng5 c6 8. Nc3 Nbd7 9. Bc4 e5 10. dxe5 dxe5 11. Bg3 b5 12. Bb3 a5 13. a3 Qe7 14.
Qd3 Nc5 15. Qe2 Nxb3 16. cxb3 Bg4 17. f3 Be6 18. Qc2 Nd5 19. Nxd5 cxd5 20. O-O Rfc8 21.
Qd2 d4 22. exd4 Bxb3 23. Rfe1 Rd8 24. Qc3 a4 25. Bxe5 Rac8 26. Bxg7 Qd7 27. Qe3 Kxg7 28. Rac1 Rxc1 29. Rxc1 Qxd4 30. Qxd4+ Rxd4 31. Ne4 f5 32. Rc7+ Kf8 33. Nc5 Rd2 34. Rb7 Bc4 35. Kh2 Rxb2 36. Nxa4 Ra2 37. Nc3 Rxa3 38. Nd1 Rb3 39. Nf2 Rb2 40.
Nh3 Bd5 41. Nf4 Bxb7 42. Nxg6+ Kg7 43. Ne5 Kf6 44. Nd7+ Ke7 45. Nc5 Bc6 46. Nd3 Rb1 47.
Ne5 Kd6 48. Nf7+ Kc7 49. Ng5 b4 50. Ne6+ Kb6 51. Nd4 b3 52. Ne2 b2 53. Nc3 Rc1 54. Na4+ Ka5 55. Nxb2 Rc2 56. Nd3 Bxf3 57. Ne1 Rxg2+ 58.
Nxg2 Kb5 59. Nf4 Bg4 60. Kg3 Kc4 61. Ne6 Kd5 62. Nf4+ Ke5 63. Nd3+ Kd4 64. Nb4 Ke3 65. Nd5+ Ke4 66. Nf6+ Ke5 67. Nd7+ Kd5 68. Kf4 Ke6 69. Nc5+ Kf6 70. Nb3 Kg6 71. Nd4 Kf6 72. Nc6 Kg6 73. Ke5 Kg7 74. Ne7 Kf7 75. Nd5 Kg6 76. Nf4+ Kh6 77. Kf6 Kh7 78. Kf7 Kh6 79. Kg8 Bf3 80.
Kh8 Bg4 81. Ne6 f4 82. Nxf4 Bf5 83. Kg8 Bg4 84. Kf7 Bf5 85. Kf6 Bg4 86. Ng6 Bd1 87. Nf8 Bg4 88. Kf7 Bd1 89. Nd7 Bb3+ 90. Kf6 Bd1 91.
Ne5 Bg4 92. Nf7+ Kh7 93. Nd6 Kh6 94. Ne4 Kh7 95. Kg5 Kg7 96. Nf6 Kh8 97. Kh6 Bd1 98.
Ne8 Bg4 99. Nd6 Bd1 100. Nf7+ Kg8 101. Ne5 Kh8 102. Ng6+ Kg8 103. Kg5 Bg4 104. Nf4 Kh8 105. Nd5 Kg8 106. Nf6+ Kh8 107. Kf4 Kg7 108. Ke5 Kh8 109. Kd6 Kg7 110. Ke7 Bd1 111. Ne4 Bg4 112. Ng3 Kh6 113. Nf1 Kh7 114. Ne3 Kg8 115. Kf6 Kh8 116. Ke5 Kg8 117. Kd4 Kh8 118. Nxg4 hxg4 119. Ke4 Kg7 120. Kf4 Kh6 121. Kxg4 Kh7 122. h5 Kh8 123. h6 Kg8 124. h7+ Kh8 125. Kg5 Kxh7 1/2-1/2

[Event "Late-Titled-Tuesday-Blitz-May-07-2024"]
[Site "Chess.com"]
[Date "2024.05.07"]
[Round "1"]
[White "Airquake"]
[Black "scandalgod"]
[Result "1-0"]
[WhiteElo "2851"]
[BlackElo "2501"]
[TimeControl "180+1"]
[EndTime "14:10:10 PDT"]
[Termination "Airquake won on time"]

1. e4 e5 2. Nf3 Nc6 3. Bb5 a6 4. Ba4 d6 5. c3 f5 6. d3 Nf6 7. Qe2 Be7 8. Bb3 Na5 9. Bc2 O-O 10.
exf5 Bxf5 11. Nbd2 Nc6 12. h3 Qd7 13. Ne4 Rae8 14.
Be3 Kh8 15. O-O-O Nd5 16. Kb1 b5 17. Bc1 b4 18. c4 Nf6 19. Ba4 Rb8 20. Ng3 Bg6 21.
Nh4 Be8 22. Nhf5 Bd8 23. Qe3 Qf7 24. Ka1 Bd7 25. Rhg1 d5 26. Qc5 Rb6 27. cxd5 Nxd5 28. Ne3 Nf4 29. Bxc6 Bxc6 30. Qxe5 b3 31. a3 Be7 32.
Nef5 Ng6 33. Qc3 Bf6 34. d4 Bd7 35. Rge1 Rc6 36. Qb4 Rb6 37. Qc5 Rc8 38. d5 Ne5 39. Qd4 Ng6 40. Qc5 Ne5 41. Bf4 Ng6 42. Be3 Bxb2+ 43. Kxb2 Rf6 44. Nd4 Ne5 45. Qc3 c5 46. Ne6 Bxe6 47. dxe6 Qxe6 48. Bd2 Nc4+ 49. Kb1 Qf7 50.
Bc1 Rxf2 51. Re2 Rxe2 52. Nxe2 b2 53. Bxb2 Rb8 54. Rd2 Nxd2+ 55. Qxd2 Qf1+ 56. Nc1 Qf7 57. Qc3 Qg6+ 58. Ka1 Qf7 59. Qxc5 Qg8 60. Qd4 Qf7 61. g4 Rc8 62. Nd3 Re8 63. Ne5 Qe7 64. h4 Qe6 65. h5 Rf8 66. Qd3 Rc8 67. h6 gxh6 68. Nf7+ Kg8 69. Ne5 Re8 70. g5 Rf8 71. gxh6 Qxh6 72. Qg3+ Qg7 73. Qb3+ Kh8 74. Ng6+ hxg6 75. Bxg7+ Kxg7 76. Qc3+ Rf6 77. Kb2 Kf7 78. Qc7+ Kf8 79. Kc3 Rf7 80.
Qd8+ Kg7 81. Qd4+ Rf6 82. Kc4 Kf7 83. Qd7+ Kg8 84. Kd5 g5 85. Ke5 Rg6 86. Kf5 Rg7 87.
Qe8+ Kh7 88. Kf6 g4 89. Qh5+ Kg8 90. Qd5+ Kh7 91. Qd3+ Kg8 92. Qxa6 g3 93. Qc8+ Kh7 94. Qh3+ Kg8 95. Qg2 Kh7 96. a4 Kg8 97. a5 Kf8 98. a6 Kg8 99. Ke6 Kh7 100. Kd5 Kh6 101. Kc5 Kh5 102. Kb6 Kh4 103. a7 Rg6+ 104. Kb7 Rg7+ 105. Kb6 Rg6+ 106.
Kc5 Rg5+ 107. Kd4 Rg8 108. a8=Q 1-0

[Event "Late-Titled-Tuesday-Blitz-May-07-2024"]
[Site "Chess.com"]
[Date "2024.05.07"]
[Round "2"]
[White "Karacsonyi_Gellert"]
[Black "AccioChess"]
[Result "1-0"]
[WhiteElo "2701"]
[BlackElo "2422"]
[TimeControl "180+1"]
[EndTime "14:11:56 PDT"]
[Termination "Karacsonyi_Gellert won by resignation"]

1. e4 e5 2. Nf3 Nc6 3. Bb5 a6 4. Bxc6 dxc6 5. O-O f6 6. d4 Bd6 7. dxe5 fxe5 8. Nxe5 Nf6 9. Nf3 Bg4 10. e5 Bxf3 11.
Qxf3 Bxe5 12. Re1 O-O 13. Rxe5 1-0

[Event "Late-Titled-Tuesday-Blitz-May-07-2024"]
[Site "Chess.com"]
[Date "2024.05.07"]
[Round "2"]
[White "PNEPaul"]
[Black "YouShallNotPass001"]
[Result "0-1"]
[WhiteElo "1947"]
[BlackElo "2447"]
[TimeControl "180+1"]
[EndTime "14:12:04 PDT"]
[Termination "YouShallNotPass001 won by resignation"]

1. e4 Nf6 2. Bc4 e6 3. d3 d5 4. exd5 exd5 5. Bb3 Be7 6. Nf3 O-O 7. h3 c5 8. c3 Nc6 9. O-O b5 10. Bc2 a5 11. Bg5 h6 12. Bh4 Ba6 13. Re1 Ra7 14. Nbd2 d4 15. Bg5 hxg5 0-1

[Event "Late-Titled-Tuesday-Blitz-May-07-2024"]
[Site "Chess.com"]
[Date "2024.05.07"]
[Round "2"]
[White "Franmu14"]
[Black "chess_sharparchitect"]
[Result "1-0"]
[WhiteElo "2720"]
[BlackElo "2280"]
[TimeControl "180+1"]
[EndTime "14:12:50 PDT"]
[Termination "Franmu14 won by resignation"]

1. e4 c5 2. Nc3 Nc6 3. Bb5 Nd4 4. Bd3 g6 5. Nf3 Bg7 6. b3 e6 7. Bb2 Ne7 8. Nxd4 cxd4 9. Nb5 Qb6 10. a4 a5 11. Ba3 Bf6 12. O-O O-O 13. e5 1-0

[Event "Late-Titled-Tuesday-Blitz-May-07-2024"]
[Site "Chess.com"]
[Date "2024.05.07"]
[Round "2"]
[White "Harsha_Bharathakoti"]
[Black "chess123456s"]
[Result "0-1"]
[WhiteElo "2945"]
[BlackElo "2646"]
[TimeControl "180+1"]
[EndTime "14:12:52 PDT"]
[Termination "chess123456s won by resignation"]

1. Nf3 d5 2. c4 d4 3. b4 Bg4 4. g3 Bxf3 5. exf3 e5 6. Qa4+ Nd7 7.
Bg2 a5 8. b5 Nc5 9. Qc2 Nf6 10.
d3 Bd6 11. O-O O-O 12. Re1 h6 13. Ba3 Re8 14. Nd2 Qd7 15. Bxc5 Bxc5 16. f4 exf4 17. Bxb7 fxg3 18. hxg3 Rxe1+ 19. Rxe1 Re8 20. Re2 Rxe2 0-1

[Event "Late-Titled-Tuesday-Blitz-May-07-2024"]
[Site "Chess.com"]
[Date "2024.05.07"]
[Round "2"]
[White "K_A_S_T_O_R"]
[Black "CarrotsandPizza"]
[Result "1-0"]
[WhiteElo "2842"]
[BlackElo "2576"]
[TimeControl "180+1"]
[EndTime "14:13:01 PDT"]
[Termination "K_A_S_T_O_R won by checkmate"]

1. e4 c5 2. Nf3 Qb6 3. c4 Nc6 4. Nc3 g6 5. Nd5 Qa5 6. b4 cxb4 7. Bb2 f6 8. d4 e6 9. Ne3 Bg7 10.
Be2 b3+ 11. Kf1 bxa2 12. d5 Nb4 13. Qb3 Qc5 14. Bd4 Qf8 15. c5 a5 16. Bc4 e5 17.
d6 exd4 18. Nd5 Na6 19. Bxa6 Rxa6 20. Nc7+ Kd8 21. Nxa6 bxa6 22. Qb8 Qf7 23. Qc7+ Ke8 24. Qxc8# 1-0

[Event "Late-Titled-Tuesday-Blitz-May-07-2024"]
[Site "Chess.com"]
[Date "2024.05.07"]
[Round "2"]
[White "ReadySkate"]
[Black "IsaqueGoncalvesSanto"]
[Result "1-0"]
[WhiteElo "2703"]
[BlackElo "1824"]
[TimeControl "180+1"]
[EndTime "14:13:01 PDT"]
[Termination "ReadySkate won by resignation"]

1. d4 e6 2. c4 d5 3. Nc3 c6 4. e4 dxe4 5. Nxe4 Nf6 6. Nxf6+ Qxf6 7. Nf3 Bb4+ 8. Bd2 Bxd2+ 9. Qxd2 Nd7 10. Be2 e5 11.
dxe5 Qe6 12. O-O O-O 13. Rfe1 Nxe5 14. Nxe5 Qxe5 15. Bd3 Qf6 16. Qb4 a5 17. Bxh7+ Kxh7 18. Qxf8 Qg6 19. Qd8 Bh3 20. Qh4+ 1-0

[Event "Late-Titled-Tuesday-Blitz-May-07-2024"]
[Site "Chess.com"]
[Date "2024.05.07"]
[Round "2"]
[White "SharathRk6"]
[Black "aa175"]
[Result "0-1"]
[WhiteElo "2471"]
[BlackElo "2728"]
[TimeControl "180+1"]
[EndTime "14:13:06 PDT"]
[Termination "aa175 won by resignation"]

1. e4 e5 2. Nf3 Nf6 3. Nxe5 d6 4. Nf3 Nxe4 5. d4 d5 6. Bd3 Bd6 7. O-O O-O 8. c4 c6 9. Nc3 Nxc3 10. bxc3 dxc4 11.
Bxc4 Bf5 12. Bd3 Bxd3 13. Qxd3 h6 14. c4 Nd7 15. Bd2 Re8 16. Rab1 Rc8 17. Rxb7 Nc5 18. Qb1 Nxb7 19. Qxb7 Qb6 20. Rb1 Qxb7 21. Rxb7 Rb8 22. Rxb8 Rxb8 23. Kf1 Rb2 24. a4 Bb4 25. Bf4 Ra2 26.
d5 cxd5 27. cxd5 Rxa4 28. d6 Kf8 29. g3 f6 30. Nd4 g5 31. Nf3 gxf4 0-1

[Event "Late-Titled-Tuesday-Blitz-May-07-2024"]
[Site "Chess.com"]
[Date "2024.05.07"]
[Round "2"]
[White "Pidzsy"]
[Black "moro182"]
[Result "0-1"]
[WhiteElo "2590"]
[BlackElo "2870"]
[TimeControl "180+1"]
[EndTime "14:13:08 PDT"]
[Termination "moro182 won by resignation"]

1. g3 g6 2. Bg2 Bg7 3. Nf3 d6 4. O-O Bd7 5. d4 Qc8 6. c4 Nc6 7. Nc3 Bh3 8. e4 h5 9. Bxh3 Qxh3 10. Ng5 Qg4 11. Qxg4 hxg4 12. d5 Ne5 13. b3 Rh5 14. Kg2 Nf3 15. Nxf3 gxf3+ 16. Kxf3 Bxc3 17. Rb1 Rxh2 0-1

[Event "Late-Titled-Tuesday-Blitz-May-07-2024"]
[Site "Chess.com"]
[Date "2024.05.07"]
[Round "2"]
[White "Hirna2005"]
[Black "Adar_07"]
[Result "0-1"]
[WhiteElo "2333"]
[BlackElo "2733"]
[TimeControl "180+1"]
[EndTime "14:13:10 PDT"]
[Termination "Adar_07 won by resignation"]

1. e4 c6 2. Nc3 d5 3. Nf3 Bg4 4. h3 Bxf3 5. Qxf3 e6 6. d3 Nf6 7. Bd2 Bb4 8. exd5 cxd5 9. Be2 Nc6 10. a3 Nd4 11. Qg3 Nxc2+ 12. Kd1 Nxa1 13. axb4 Nb3 14. Qxg7 Rg8 15. Qh6 Nxd2 16. Kxd2 Rxg2 17. d4 Rc8 18. Bb5+ Ke7 19. Re1 Rxf2+ 20. Kc1 Qd6 21. Kb1 Rxb2+ 22. Kxb2 Qxb4+ 23. Ka2 Rxc3 24. Rxe6+ Kxe6 0-1

[Event "Late-Titled-Tuesday-Blitz-May-07-2024"]
[Site "Chess.com"]
[Date "2024.05.07"]
[Round "2"]
[White "Arek_pacitan"]
[Black "Walter_White_Poland"]
[Result "1-0"]
[WhiteElo "2718"]
[BlackElo "2425"]
[TimeControl "180+1"]
[EndTime "14:13:19 PDT"]
[Termination "Arek_pacitan won by resignation"]

1. e4 c5 2. Nf3 e6 3. d4 cxd4 4. Nxd4 Nc6 5. c4 Nf6 6. Nc3 Bb4 7. Nxc6 dxc6 8. Qxd8+ Kxd8 9. f3 Bxc3+ 10. bxc3 e5 11. Ba3 Re8 12. O-O-O+ Kc7 13. Bd6+ Kb6 14. c5+ Ka5 15. Kb2 b6 16. Bc4 Be6 17. Bb3 bxc5 18. Bxc5 Nd7 19. Bb4+ Kb6 20. Bxe6 Rxe6 21. Rxd7 c5 22.
Ba3 1-0

[Event "Late-Titled-Tuesday-Blitz-May-07-2024"]
[Site "Chess.com"]
[Date "2024.05.07"]
[Round "2"]
[White "Andrii_Prydun"]
[Black "CrushingKings"]
[Result "1-0"]
[WhiteElo "2419"]
[BlackElo "2615"]
[TimeControl "180+1"]
[EndTime "14:13:32 PDT"]
[Termination "Andrii_Prydun won by resignation"]

1. e4 g6 2. d4 Bg7 3. Nf3 c6 4. Bd3 d5 5. e5 f6 6. Bf4 Bg4 7. Nbd2 fxe5 8. dxe5 Nd7 9. h3 Bxf3 10. Nxf3 Qc7 11. O-O Nxe5 12. Re1 Nxf3+ 13. Qxf3 Qd7 14. Be5 Nf6 15. Bxf6 O-O 16. Rxe7 1-0

[Event "Late-Titled-Tuesday-Blitz-May-07-2024"]
[Site "Chess.com"]
[Date "2024.05.07"]
[Round "2"]
[White "maximnovik"]
[Black "maurovargas01"]
[Result "1-0"]
[WhiteElo "2455"]
[BlackElo "1970"]
[TimeControl "180+1"]
[EndTime "14:13:32 PDT"]
[Termination "maximnovik won by resignation"]

1. e4 d5 2. exd5 Qxd5 3. Nc3 Qa5 4. d4 c6 5. Bc4 Bf5 6. Nf3 e6 7. Nh4 Be4 8. O-O Bd5 9. Bd3 Nf6 10. Re1 Bd6 11. Nf5 Bb4 12. Nxg7+ Kf8 13. Bh6 Kg8 14. Nh5 Nxh5 1-0

[Event "Late-Titled-Tuesday-Blitz-May-07-2024"]
[Site "Chess.com"]
[Date "2024.05.07"]
[Round "2"]
[White "hsd2016"]
[Black "Perecke"]
[Result "1-0"]
[WhiteElo "2351"]
[BlackElo "2535"]
[TimeControl "180+1"]
[EndTime "14:13:34 PDT"]
[Termination "hsd2016 won by resignation"]

1. d4 Nf6 2. c4 e6 3. Nc3 Bb4 4. Bd2 d5 5. Nf3 O-O 6. e3 c5 7. dxc5 Bxc5 8. Bd3 dxc4 9. Bxc4 b6 10. O-O Bb7 11.
Qe2 Nbd7 12. Rfd1 Qe7 13. Bb3 Rfd8 14. e4 Ng4 15. Bg5 f6 16. Bh4 Nde5 17. Nxe5 Nxe5 18.
Bg3 Nc6 19. Nb5 a6 20. Nc7 Nd4 21. Rxd4 Bxd4 22. Nxe6 Kh8 23. Nxd8 Rxd8 24. Rd1 Qxe4 25. Qxe4 Bxe4 26. Bc7 Bxf2+ 27. Kxf2 Rxd1 28. Bxd1 b5 29. Bf3 1-0

[Event "Late-Titled-Tuesday-Blitz-May-07-2024"]
[Site "Chess.com"]
[Date "2024.05.07"]
[Round "2"]
[White "Pig-filth"]
[Black "As0nchess"]
[Result "0-1"]
[WhiteElo "2307"]
[BlackElo "2542"]
[TimeControl "180+1"]
[EndTime "14:13:35 PDT"]
[Termination "As0nchess won by resignation"]

1. d4 d5 2. Bg5 h6 3. Bh4 Nf6 4. Bxf6 exf6 5. e3 Bd6 6. c4 dxc4 7. Bxc4 c6 8. Nc3 Nd7 9. Nge2 f5 10. a4 a5 11. Qc2 Nf6 12. Bd3 g6 13. h4 h5 14.
g3 O-O 15. Nf4 Qe7 16. O-O-O Bd7 17. Kb1 Rfc8 18. Bc4 Kg7 19. Nh3 b5 20. Bd3 b4 21.
Ne2 c5 22. Qb3 c4 23. Bxc4 Bxa4 24. Qxa4 Rxc4 25. Rc1 Rxc1+ 26. Nxc1 Qe4+ 27. Ka2 Qxh1 0-1

[Event "Late-Titled-Tuesday-Blitz-May-07-2024"]
[Site "Chess.com"]
[Date "2024.05.07"]
[Round "2"]
[White "MathiasWomacka"]
[Black "simaopdias"]
[Result "1-0"]
[WhiteElo "2544"]
[BlackElo "2314"]
[TimeControl "180+1"]
[EndTime "14:14:13 PDT"]
[Termination "MathiasWomacka won by resignation"]

1. e4 c5 2. Nf3 g6 3. d4 cxd4 4. Nxd4 Nc6 5. c4 Bg7 6. Be3 Nf6 7. Nc3 O-O 8. Be2 d6 9. O-O Bd7 10. Qd2 Nxd4 11. Bxd4 Bc6 12. f3 a5 13. b3 Nd7 14.
Be3 Nc5 15. Rac1 Re8 16. Rc2 Be5 17. Rb1 e6 18. Bf1 Qh4 19. g3 Qf6 20. Bg2 Na6 21.
Nb5 Bxb5 22. cxb5 Nc5 23. f4 Ba1 24. e5 Bxe5 25. fxe5 Qxe5 26. Bf4 Qf5 27. Rd1 e5 28. Be3 Ne4 29. Qd3 1-0

[Event "Late-Titled-Tuesday-Blitz-May-07-2024"]
[Site "Chess.com"]
[Date "2024.05.07"]
[Round "2"]
[White "toninhojit"]
[Black "stollenmonster"]
[Result "1-0"]
[WhiteElo "2611"]
[BlackElo "2861"]
[TimeControl "180+1"]
[EndTime "14:14:15 PDT"]
[Termination "toninhojit won by resignation"]

1. d4 Nf6 2. c4 e6 3. Nf3 d5 4. g3 Ne4 5. Bg2 Be7 6. O-O O-O 7. b3 f5 8. Ba3 c6 9. Bxe7 Qxe7 10. Qc1 Bd7 11.
Na3 Be8 12. Nc2 Nd7 13. Nce1 g5 14. Nd3 Bg6 15. Nfe5 Nxe5 16. Nxe5 Nd6 17. c5 Nf7 18. f4 Nxe5 19. fxe5 h6 20. b4 Kg7 21. a4 Rf7 22. b5 Raf8 23. e3 Bh5 24. Qd2 Kh8 25.
Rab1 Rg8 26. bxc6 bxc6 27. a5 Bg6 28. a6 Qf8 29. Rb7 Bh5 30. Rfb1 f4 31. Rxf7 Qxf7 32.
Rb7 Qf5 33. exf4 gxf4 34. Qxf4 Qxf4 35. gxf4 Bf3 36. Kf2 Bxg2 37. Rxa7 Be4 38. Rb7 Rg2+ 39. Kf1 Rxh2 40. a7 Ra2 41. Rb8+ Kg7 42. a8=Q Rxa8 43. Rxa8 Kg6 44. Rf8 h5 45. Rf6+ Kg7 46. Rxe6 h4 47.
Kg1 1-0

[Event "Late-Titled-Tuesday-Blitz-May-07-2024"]
[Site "Chess.com"]
[Date "2024.05.07"]
[Round "2"]
[White "merinasian"]
[Black "Mbneu"]
[Result "0-1"]
[WhiteElo "2491"]
[BlackElo "2219"]
[TimeControl "180+1"]
[EndTime "14:14:15 PDT"]
[Termination "Mbneu won by resignation"]

1. d4 Nf6 2. Nf3 c5 3. d5 e6 4. Nc3 d6 5. e4 e5 6. Be2 a6 7.
a4 Be7 8. h3 h6 9. Be3 Nh7 10. Nd2 Bg5 11. Nc4 Bxe3 12. Nxe3 g6 13. Qd2 Nd7 14. Nc4 Nb6 15. Qxh6 Nxc4 16. Bxc4 Bd7 17.
Qg7 Ke7 18. O-O Nf6 19. f4 Nh5 20. Qxh8 Qxh8 21. f5 g5 22. f6+ Nxf6 23. Rf2 Rf8 24. Raf1 Nh5 25. Ne2 Nf4 0-1

[Event "Late-Titled-Tuesday-Blitz-May-07-2024"]
[Site "Chess.com"]
[Date "2024.05.07"]
[Round "2"]
[White "cthulhuuu"]
[Black "Reyson01"]
[Result "1-0"]
[WhiteElo "2544"]
[BlackElo "2288"]
[TimeControl "180+1"]
[EndTime "14:14:16 PDT"]
[Termination "cthulhuuu won by resignation"]

1. e4 c5 2. Nf3 e6 3. d3 Nc6 4. g3 d5 5. Nbd2 Nf6 6. Bg2 Be7 7.
O-O O-O 8. e5 Nd7 9. Re1 Qc7 10.
Qe2 b6 11. h4 Bb7 12. c3 b5 13. Nf1 b4 14. Bf4 bxc3 15. bxc3 d4 16. c4 Nb4 17. a3 Nc6 18. N1h2 Rfd8 19. Ng5 Nf8 20. Qh5 g6 21. Qh6 Na5 22. Ng4 Bxg5 23. Nf6+ Kh8 24. hxg5 Bxg2 25. Kxg2 Qb7+ 26. Re4 1-0

[Event "Late-Titled-Tuesday-Blitz-May-07-2024"]
[Site "Chess.com"]
[Date "2024.05.07"]
[Round "2"]
[White "wannabe2700"]
[Black "Indefatigable11"]
[Result "0-1"]
[WhiteElo "2547"]
[BlackElo "2388"]
[TimeControl "180+1"]
[EndTime "14:14:25 PDT"]
[Termination "Indefatigable11 won by resignation"]

1. a4 d6 2. Ra3 e5 3. Rf3 Nf6 4. Rxf6 Qxf6 5. g3 Nc6 6. Bg2 g6 7. d3 Bg7 8. Nc3 Be6 9. Nf3 Qd8 10. O-O O-O 11. e4 Nd4 12. Ng5 Qd7 13. f4 Bg4 14.
Qd2 f6 15. Nf3 Nxf3+ 16. Bxf3 Bxf3 17. Rxf3 f5 18. Qe2 exf4 19. Nd5 fxe4 20. dxe4 fxg3 21.
Qc4 gxh2+ 22. Kxh2 Kh8 23. Bf4 c6 24. Ne3 Rxf4 25.
Rxf4 Be5 26. Ng2 g5 0-1

[Event "Late-Titled-Tuesday-Blitz-May-07-2024"]
[Site "Chess.com"]
[Date "2024.05.07"]
[Round "2"]
[White "crescentmoon2411"]
[Black "Russian_berezka"]
[Result "1-0"]
[WhiteElo "2880"]
[BlackElo "2596"]
[TimeControl "180+1"]
[EndTime "14:14:38 PDT"]
[Termination "crescentmoon2411 won by resignation"]

1. d4 g6 2. c4 Bg7 3. Nc3 d5 4. cxd5 Nf6 5. e4 O-O 6. Nf3 e6 7. dxe6 Bxe6 8. Be2 c6 9. O-O Re8 10. Ng5 Nbd7 11. Nxe6 Rxe6 12. e5 Nd5 13. Nxd5 cxd5 14. f4 f5 15. Qb3 Nb6 16. Bd2 Rc8 17. Ba5 Qd7 18. Bb5 Qc7 19. Bxb6 Qxb6 20. Qxd5 Kh8 21.
Bd7 Rd8 22. Qxe6 Qxd4+ 23. Kh1 Qxd7 24. Qxd7 Rxd7 25. Rfd1 Rxd1+ 26. Rxd1 Bf8 27. Rd7 1-0

[Event "Late-Titled-Tuesday-Blitz-May-07-2024"]
[Site "Chess.com"]
[Date "2024.05.07"]
[Round "2"]
[White "EsmeraldasAnderson03"]
[Black "FMOlexandrProhorov"]
[Result "0-1"]
[WhiteElo "2517"]
[BlackElo "2303"]
[TimeControl "180+1"]
[EndTime "14:14:44 PDT"]
[Termination "FMOlexandrProhorov won by resignation"]

1. d4 c5 2. d5 g6 3. c4 Bg7 4. Nc3 Bxc3+ 5. bxc3 f5 6. h4 Nf6 7. Bg5 Qa5 8. Bxf6 exf6 9. Qd2 d6 10. e3 Nd7 11. Nf3 Nb6 12. Bd3 Bd7 13. O-O O-O-O 14. Rfb1 Na4 15. Rb3 Rde8 16. Rab1 Re7 17. Rxb7 Nb6 18.
Rxd7 Kxd7 19. e4 fxe4 20. Qf4 exd3 21. Qxf6 Rhe8 22. Ng5 Qxa2 23. Rf1 d2 24. Ne6 Qxc4 25. Ra1 a6 26. Rb1 Nxd5 27. Nxc5+ Qxc5 28. Rb7+ Kc6 0-1

[Event "Late-Titled-Tuesday-Blitz-May-07-2024"]
[Site "Chess.com"]
[Date "2024.05.07"]
[Round "2"]
[White "LeninGuerra"]
[Black "FairChess_on_YouTube"]
[Result "0-1"]
[WhiteElo "2669"]
[BlackElo "3079"]
[TimeControl "180+1"]
[EndTime "14:14:45 PDT"]
[Termination "FairChess_on_YouTube won by resignation"]

1. e4 c5 2. Nf3 Nc6 3. c3 e6 4.
Bd3 d5 5. O-O Nf6 6. e5 Nd7 7. Re1 g5 8. h3 h5 9. Bb5 g4 10. Nh2 gxh3 11. gxh3 Qh4 12. Qf3 Rg8+ 13. Kh1 c4 14. d4 cxd3 15. Bf4 a6 16. Bxd3 Nc5 17.
Bc2 b6 18. Bg3 Qxh3 19. Nd2 Bb7 20. Bd1 d4 21. Qxh5 Nxe5+ 0-1

[Event "Late-Titled-Tuesday-Blitz-May-07-2024"]
[Site "Chess.com"]
[Date "2024.05.07"]
[Round "2"]
[White "Nadtkins"]
[Black "lilylg"]
[Result "1-0"]
[WhiteElo "2519"]
[BlackElo "2229"]
[TimeControl "180+1"]
[EndTime "14:14:50 PDT"]
[Termination "Nadtkins won by resignation"]

1. Nf3 d5 2. g3 c6 3. Bg2 Nf6 4. c4 g6 5. b3 Bg7 6. Bb2 O-O 7. d3 Bf5 8. O-O Nbd7 9. Nh4 Re8 10. Nxf5 gxf5 11. Qc2 e6 12. Nd2 Kh8 13. Nf3 h6 14. Rad1 Rg8 15. Kh1 Qf8 16. a3 Ng4 17. e4 fxe4 18.
dxe4 Rc8 19. Qe2 dxe4 20. Rxd7 Bxb2 21. Qxb2+ Rg7 22. Ne5 Nxe5 23. Qxe5 f6 24. Qxe6 Re8 25. Qh3 Rxd7 26. Qxd7 Re7 27. Qf5 1-0